[Event "Tech Mahindra Global Chess League 2023"]
[Site "Chess.com"]
[Date "2023.06.25"]
[Round "5"]
[White "Sindarov, Javokhir"]
[Black "Praggnanandhaa, R."]
[Result "0-1"]
[WhiteElo "2596"]
[BlackElo "2587"]
[ECO "C50"]
[EventDate "2023.??.??"]
[Annotator "rafael"]
[PlyCount "82"]
[Beauty "7561310896137"]
[EventType "team-tourn"]
[TimeControl "900+10"]

1.e4 e5 2.Nf3 Nc6 3.Bc4 Bc5 4.Nc3 Nf6 5.d3 a6 6.Nd5 $5 {[%c_effect d5;square;d5;type;Interesting;persistent;true] The game quickly enters uncharted territory. There are only 40 games in my database with this move, which is quite a feat for move six in such a mainstream opening as the Italian.} 6...Nxd5 ( 6...h6 {was Anand's choice when facing this position.} 7.c3 d6 8.h3 Ba7 9.a4 Be6 10.a5 Bxd5 11.exd5 Ne7 12.d4 exd4 13.Nxd4 O-O {Black later won the battle of the legends. Kramnik x Anand, Wijk aan Zee 2019.} ) 7.Bxd5 {The best way to capture.} ( 7.exd5 Nd4 {leads to equality. Capturing the pawn on e5 is bad:} 8.Nxd4 ( 8.Nxe5 $6 d6 ( 8...Qe7 $2 {[%c_effect e7;square;e7;type;Mistake;persistent;true] is not effective since White can simply castle.} 9.O-O ) 9.Nf3 Bg4 {with the initiative.} ) 8...Bxd4 ) 7...O-O 8.O-O ( 8.Bxc6 {Of course, the e5-pawn cannot be captured due to an old trick:} 8...dxc6 9.Nxe5 $4 Qd4 ) 8...d6 9.c3 Qf6 10.a4 ( 10.b4 {This is a natural alternative, trying to gain space on the queenside.} ) 10...a5 11.h3 h6 {It's usually good to reply to an h3-move with ...h6, making clear to your opponent that you're also patient. Slow maneuvers begin, and the evaluation (equality) doesn't change for a long time.} 12.Bb3 Ba7 13.Be3 Be6 14.Re1 Bxe3 15.Rxe3 Rad8 16.Bxe6 Qxe6 17.d4 {White finally takes some concrete action in the center. Now Black has a choice: whether to keep the central tension or play ...17...exd4.} 17...Ne7 ( 17...exd4 {is also playable. This capture is attractive when the white pawn is on a4, since the knight can use b4 as a strong point.} 18.cxd4 ( 18.Nxd4 {is also natural, but I don't think Black has much to fear after the exchange of knights.} 18...Nxd4 19.cxd4 ( 19.Qxd4 b6 ) 19...f5 {with an equal position.} ) 18...Nb4 {The knight is well placed here, and the position is more or less equal.} ( 18...d5 {is also possible:} 19.e5 f6 ) ) 18.Qe2 ( 18.d5 $6 {[%c_effect d5;square;d5;type;Inaccuracy;persistent;true] is premature. Black is ready to play ...f7-f5 after} 18...Qd7 ) ( 18.b4 {is an interesting way to create more action on the queenside.} ) 18...c6 {Black decides to avoid a queen invasion on b5.} 19.Qc2 ( 19.c4 {changes the pawn structure, but Black can play} 19...c5 $5 20.d5 Qd7 {Followed by the ...f7-f5 push.} ) ( 19.Rd1 {doesn't change the character of the game after} 19...Ng6 ) 19...Ng6 20.Rd1 Rfe8 21.Kh2 Nf4 22.Rd2 Qc8 23.Qb3 Qc7 24.g3 Ne6 {Both players showed considerable patience during the maneuvering phase, but now the fireworks are about to begin.} 25.h4 {It's not clear what this move achieves.} ( 25.Qd1 {Maybe this is more accurate.} ) 25...exd4 $1 {[%c_effect d4;square;d4;type;GreatFind;persistent;true] Praggnanandhaa changes the pawn structure at the right time.} 26.cxd4 ( 26.Nxd4 $2 Nc5 27.Qc2 d5 $1 ) 26...d5 $1 27.e5 {The only move in order to avoid being left with an isolated pawn.} 27...c5 {White has many options, all of them leading to a more or less drawn position.} 28.Rc3 ( 28.dxc5 d4 {This looks very dangerous for White, but it's also balanced.} 29.Red3 {with equality.} ) ( 28.Qb5 cxd4 29.Nxd4 Nxd4 30.Rxd4 Rxe5 31.Rxe5 Qxe5 32.Rd2 {White regains the pawn with a likely draw.} ) 28...Qe7 ( 28...c4 {This advance tends to be positionally dangerous, and a human would be afraid of playing it. White can try to break the pawn chain with b2-b3, getting a better pawn structure. That being said, the computer shows the position is also equal, for instance:} 29.Qb5 Qc6 30.Qxc6 bxc6 31.b3 cxb3 32.Rxb3 Rb8 33.Rdb2 Rxb3 34.Rxb3 Rc8 {followed by ...c6-c5.} ) ( 28...Qc6 {is a good alternative.} ) 29.Qb6 ( 29.dxc5 $2 Nxc5 {followed by 30...Ne4, winning the exchange.} ) ( 29.Qb5 {leads to a draw after} 29...cxd4 30.Nxd4 Nxd4 31.Rxd4 Qxe5 32.Re3 ( 32.Rcd3 ) 32...Qxd4 33.Rxe8+ Rxe8 34.Qxe8+ Kh7 35.Qxf7 ) 29...Nxd4 30.Nxd4 cxd4 31.Rxd4 ( 31.Qxd4 Qxe5 {should end in a draw. I suspect Sindarov was still playing for the win and trying to avoid drawing variations.} ) 31...Qxe5 32.Rcd3 ( 32.Re3 {Again we have a draw:} 32...Qf6 ( 32...Qf5 33.Kg2 {is a bit dangerous for Black.} ) 33.Qxf6 gxf6 34.Rxe8+ Rxe8 35.Rxd5 Re2 36.Rb5 Rxf2+ 37.Kg1 ( 37.Kh3 {doesn't change the evaluation.} ) 37...Rc2 38.Rxb7 Kg7 ) 32...Rd6 33.Qxa5 $6 {[%c_effect a5;square;a5;type;Inaccuracy;persistent;true] This is the beginning of White's problems.} ( 33.Qxb7 Rf6 34.Rd2 Rxf2+ 35.Rxf2 Qxd4 36.Qxf7+ Kh7 {with a draw.} ) 33...Rf6 34.Rd2 $6 ( 34.Kg2 $2 {[%c_effect g2;square;g2;type;Mistake;persistent;true] loses to} 34...Qe2 {and the f2-pawn can't be defended.} ) ( 34.Qd2 Qe2 35.Rf4 Rxf4 36.Qxe2 ( 36.gxf4 $2 Qg4 ) 36...Rxe2 ( 36...Rxh4+ 37.gxh4 Rxe2 38.Kg3 Rxb2 39.Rxd5 {with a theoretical draw in the rook endgame.} ) 37.gxf4 Rxf2+ 38.Kg3 Rxb2 39.Rxd5 {with an easy draw, but I'd rather make a draw a pawn up than a pawn down.} ) 34...Qe1 $1 {[%c_effect e1;square;e1;type;GreatFind;persistent;true] Suddenly the position becomes very dangerous for White.} 35.Qxd5 ( 35.Kg2 $2 {[%c_effect g2;square;g2;type;Mistake;persistent;true] loses to} 35...Rxf2+ 36.Rxf2 Qxa5 ) 35...Rxf2+ 36.Rxf2 Qxf2+ 37.Kh3 Re3 38.Rg4 $2 {[%c_effect g4;square;g4;type;Mistake;persistent;true] The losing move.} ( 38.Qg2 {is necessary. The position is ugly, but there's no winning blow available for Black.} ) 38...Qf1+ {The simplest way to win.} 39.Qg2 Qf5 $1 40.Qd2 ( 40.h5 {is the only way not to lose the rook, but the game will soon be over after} 40...Qxh5+ 41.Rh4 Qe5 ) 40...Re4 41.Qd1 h5 0-1

[Event "Tech Mahindra Global Chess League 2023"]
[Site "Chess.com"]
[Date "2023.06.26"]
[Round "6"]
[White "Sadhwani, Raunak"]
[Black "Praggnanandhaa, R."]
[Result "0-1"]
[WhiteElo "2567"]
[BlackElo "2587"]
[ECO "B13"]
[EventDate "2023.??.??"]
[Annotator "rafael"]
[PlyCount "112"]
[Beauty "6598948832269"]
[EventType "team-tourn"]
[TimeControl "900+10"]

1.d4 Nf6 2.Nc3 d5 3.Bf4 {This is another Queen's Pawn sideline that's very popular in online blitz games. I have faced it countless times. What makes it so popular $2 This system leads to sharp positions where White dictates the character of the play. It quickly brings the game to positions where most players have never cared to study. Just look at my case: as I wrote, I have faced this many times online. Even so, I never studied a single line of theory here, always playing the position as Black \"by ear.\" It's a kind of prejudice: I never took this system seriously. Maybe it's time to study it and start improving my play against it in the next Titled Tuesday.} 3...c5 4.e3 ( 4.e4 {This is an interesting move that has been played by Olexandr Bortnyk, a blitz machine, many times.} ) 4...cxd4 5.exd4 a6 {Avoiding the annoying Nc3-b5 once and for all.} 6.Nf3 Nc6 7.Ne5 Bd7 {This position is well-known for both players.} 8.g3 {When I was young, my first teacher told me never to play g3 when I had a bishop on f4. Chess has advanced, and childhood memories are in the distant past.} ( 8.Be2 {is a normal development move.} ) ( 8.g4 {Sadhwhani tried this aggressive move this year.} 8...e6 9.g5 Ng8 10.Nxc6 Bxc6 11.h4 Bd6 12.Qd2 Ne7 {with a balanced game in Sadhwani-Firouzja, Airthings 2023.} ) 8...e6 9.Bg2 Nxe5 {Not afraid of the pawn capture.} ( 9...Qb6 10.Nxd7 Nxd7 11.O-O $1 {[%c_effect g1;square;g1;type;GreatFind;persistent;true] leads to sharp play.} ) 10.dxe5 Ng8 {How can this position be playable for Black when on the 10th move nearly all of his pieces are in the initial position $2 I hear the curious reader ask. Always look at the pawn structure; it will usually give you all the answers for life's existence. There are no meaningful pawn breaks, and the center is closed, so Black is in time to develop the pieces without suffering major injuries.} 11.O-O Ne7 12.Re1 Ng6 13.Be3 Qc7 {Of course, taking on e5 can't even be considered with that rook on e1. But} ( 13...Bb4 $1 {[%c_effect b4;square;b4;type;GreatFind;persistent;true] is the way to go.} 14.Bd4 Ne7 15.a3 Ba5 16.b4 Bb6 {with an equal position.} ) 14.h4 $1 {[%c_effect h4;square;h4;type;GreatFind;persistent;true] A good move to disturb the knight.} 14...Bc5 15.Bxc5 Qxc5 16.Qg4 Ne7 $5 {[%c_effect e7;square;e7;type;Interesting;persistent;true] Clever play. The pawn on g7 cannot be captured.} 17.Rad1 ( 17.Qxg7 $2 Rg8 18.Qxh7 Rxg3 $1 {[%c_effect g3;square;g3;type;GreatFind;persistent;true] with a much better position for Black.} ) 17...Bc6 18.h5 h6 {After many adventures, we get a French-like pawn structure, something that is always somewhat scary for the player with the black pieces.} 19.Rd2 ( 19.Ne2 $1 {[%c_effect e2;square;e2;type;GreatFind;persistent;true] is more accurate, immediately preparing to land the knight on d4.} 19...Qxc2 $2 {[%c_effect c2;square;c2;type;Mistake;persistent;true] This is bad because now White can take on g7.} 20.Qxg7 ) 19...O-O 20.a3 a5 21.Ne2 Bb5 $1 22.Nd4 Nc6 23.Nf3 Ba6 {With some clever maneuvering, Praggnanandhaa is ready to push the pawns on the queenside and can hope for equality.} 24.c3 b5 25.Nd4 Nxd4 $1 {[%c_effect d4;square;d4;type;GreatFind;persistent;true] It's usually difficult to evaluate changes in pawn structure. That's why this move, with its apparent simplicity, is actually not so easy to play. I suspect that Praggnanandhaa wanted to avoid any possible Nxe6 trick by his opponent.} ( 25...b4 {is a bit primitive.} 26.cxb4 ( 26.Nxc6 bxc3 $1 {[%c_effect c3;square;c3;type;GreatFind;persistent;true] is good for Black.} ) ( 26.Nxe6 $5 {[%c_effect e6;square;e6;type;Interesting;persistent;true] Not necessary, but this is the first line of the computer.} 26...fxe6 27.Qxe6+ Kh8 28.Qd6 {with a complicated position where White gets three pawns for a knight.} ) 26...axb4 27.Nxc6 Qxc6 28.Qxb4 {Black has some compensation, but a pawn is a pawn.} ) ( 25...Rab8 {allows the mentioned sacrifice.} 26.Nxe6 $5 fxe6 27.Qxe6+ Kh8 28.Qxd5 Qxd5 29.Rxd5 {with a more comfortable position for White.} ) 26.cxd4 ( 26.Qxd4 {is also possible, but this is a playable fake French position for Black.} ) 26...Qc7 27.f4 b4 28.axb4 axb4 ( 28...Rab8 $5 {[%c_effect b8;square;b8;type;Interesting;persistent;true] is interesting, sacrificing the pawn.} 29.bxa5 Qxa5 {with compensation.} ) 29.Qf3 Qe7 30.Qe3 Bc4 31.Bf3 Ra2 32.g4 Rfa8 33.g5 Ra1 {Both sides show high class in this game. Good moves are played and, better than that, moves that we can understand. In chess, however, after a calm comes a storm. The game will soon become sharp.} 34.Rg2 $6 ( 34.Rxa1 Rxa1+ 35.Kh2 {is better.} ) 34...hxg5 35.fxg5 Bd3 $1 {[%c_effect d3;square;d3;type;GreatFind;persistent;true] A strong move, bringing the bishop to the excellent f5-square, where it can attack and defend.} 36.Kh2 Bf5 37.Rc1 Rxc1 38.Qxc1 Qa7 39.Qf4 Rc8 40.h6 ( 40.Bxd5 $2 {[%c_effect d5;square;d5;type;Mistake;persistent;true] is bad because of} 40...Rd8 ) ( 40.g6 {is also possible with equal chances.} ) 40...g6 ( 40...Qa1 {has the good point of preparing a heavy-piece invasion on the first rank, but White can reply} 41.Bxd5 $1 Rc1 42.Rf2 {and it seems he is escaping in this dangerous position.} ) ( 40...Bg6 {is a clever computer move, preparing Qa1-Rc1.} ) 41.Bg4 $1 Rc4 42.Rd2 $6 ( 42.Bxf5 $1 {[%c_effect f5;square;f5;type;GreatFind;persistent;true] is the right move.} 42...exf5 ( 42...gxf5 $2 43.g6 ) ( 42...Rxd4 43.Be4 $1 Qe7 $1 ( 43...Rxe4 $2 44.Qf6 ) 44.Qf6 Qxf6 45.exf6 Rxe4 46.Kg3 {White's pawn structure is so strong that he is not in danger of losing.} ) 43.e6 Qxd4 44.Qxd4 Rxd4 45.Rc2 fxe6 46.Rc8+ Kh7 47.Rc7+ {with perpetual check.} ) 42...Qc7 43.Bxf5 exf5 ( 43...gxf5 {is also interesting.} ) 44.Kg3 Rc1 45.Rg2 $2 {[%c_effect g2;square;g2;type;Mistake;persistent;true] The losing move. Black has no way to break White's defense after} ( 45.Qe3 $1 ) 45...Re1 $1 {[%c_effect e1;square;e1;type;GreatFind;persistent;true] The rook comes to e4, and the game is decided.} 46.Qd2 Re4 47.Kh2 Qc4 48.b3 Qxb3 {The right snack.} ( 48...Qxd4 $2 {[%c_effect d4;square;d4;type;Mistake;persistent;true] is bad:} 49.Qxd4 Rxd4 50.Kh3 {Avoiding ...Rh4+.} 50...Rd3+ 51.Kh2 Rxb3 ( 51...Re3 52.Rc2 ) 52.Rd2 {White achieves a draw in the rook endgame.} ) 49.e6 Rxe6 50.Qf4 Qe3 {The rest is easy for such a good player.} 51.Qxe3 Rxe3 52.Ra2 Re4 53.Kh3 Rg4 54.Ra5 Rxg5 55.Rxd5 Rg4 56.Rd7 b3 0-1